 Seeded DCSS version 0.29-a0-1052-g6990b1bffc (webtiles) character file.

Game seed: 143790907368033608 (custom seed)

74 mathmaestro the Grave Robber (level 4, -2/32 HPs)
             Began as a Demonspawn Necromancer on Aug 17, 2022.
             Slain by a lemure (4 damage)
             ... led by Pikel
             ... on level 3 of the Dungeon.
             The game lasted 00:06:37 (4319 turns).

mathmaestro the Grave Robber (DsNe)                 Turns: 4319, Time: 00:06:38

Health: -2/32      AC:  6    Str: 11    XL:     4   Next: 10%
Magic:  7/7        EV: 11    Int: 18    God:
Gold:   67         SH:  3    Dex: 10    Spells: 0/8 levels left

rFire   . . .      SeeInvis .   e - +1 flail (protect)
rCold   + + .      Faith    .   n - +0 buckler
rNeg    . . .      Spirit   .   c - +0 leather armour
rPois   .          Reflect  .   l - +1 helmet of the Dragon {rC++ Str+3 Dex-4}
rElec   .          Harm     .   j - +0 cloak
rCorr   .          Rampage  .   (no gloves)
Will    .....                   (no boots)
Stlth   +.........              (no amulet)
HPRegen 0.10/turn               q - ring of wizardry
MPRegen 0.10/turn               (no ring)

@: no status effects
A: claws 2
a: no special abilities


You were on level 3 of the Dungeon.
You visited 1 branch of the dungeon, and saw 4 of its levels.

You collected 161 gold pieces.
You spent 94 gold pieces at shops.

Inventory:

Hand Weapons
 d - a +0 dagger
 e - a +1 flail of protection (weapon)
 t - a +0 hand axe
Armour
 c - a +0 leather armour (worn)
 j - a +0 cloak (worn)
 l - the +1 helmet of the Dragon (worn) {rC++ Str+3 Dex-4}
   (You found it on level 2 of the Dungeon)

   Str:       It affects your strength (+3).
   Dex:       It affects your dexterity (-4).
   rC:        It greatly protects you from cold.
 n - a +0 buckler (worn)
Jewellery
 q - a ring of wizardry (left claw)
Wands
 o - a wand of polymorph (5)
Scrolls
 a - a scroll of fear {unknown}
 f - a scroll of identify {unknown}
 g - a scroll of blinking {unknown}
 i - 2 scrolls of noise {unknown}
 s - a scroll of magic mapping {unknown}
Potions
 b - a potion of magic
 h - a potion of curing {unknown}
 k - a potion of flight {unknown}
 m - a potion of brilliance {unknown}
 p - a potion of berserk rage {unknown}
 r - a potion of degeneration {unknown}


   Skills:
 + Level 1.5 Fighting
 + Level 1.0 Armour
 - Level 2.0 Dodging
 - Level 2.0 Stealth
 + Level 0.3 Shields
 + Level 2.5 Spellcasting
 + Level 4.9 Necromancy
 + Level 0.3 Evocations


You couldn't memorise any spells.
You knew the following spells:

 Your Spells              Type           Power      Damage    Failure   Level
a - Necrotise             Necr           76%        1d7       1%          1
b - Vampiric Draining     Necr           19%        2d7       4%          3
c - Animate Dead          Necr           19%        N/A       16%         4

Your spell library contained the following spells:

 Spells                   Type           Power      Damage    Failure   Level
 Sting                    Tmut/Pois      8%         1d3       12%         1
 Summon Small Mammal      Summ           8%         N/A       12%         1
 Poisonous Vapours        Pois/Air       4%         N/A       19%         2
 Call Canine Familiar     Summ           2%         N/A       34%         3
 Summon Guardian Golem    Hex/Summ       2%         N/A       34%         3
 Agony                    Necr           19%        N/A       41%         5
 Olgreb's Toxic Radiance  Pois           2%         N/A       73%         4


Dungeon Overview and Level Annotations

Branches:
Dungeon (4/15)
 Temple: D:4-7

Altars:
Hepliaklqana
Qazlal

Shops:
D:1 [


Innate Abilities, Weirdness & Mutations

You have very sharp fingernails.


Message History

Aim: a lemure (lightly wounded, will become a red devil, a neqoxec, or a quasit, chance to affect: 50%)
The lemure resists with some effort.
The lemure closely misses you. The lemure attacks as you move away!
The lemure closely misses you. The lemure attacks as you move away!
The lemure barely misses you. The lemure attacks as you move away!
The lemure closely misses you.
Your +1 flail of protection hums with potential!
e - a +1 flail of protection (weapon)
The lemure hits you.
You barely miss the lemure.
The lemure is lightly wounded.
The lemure completely misses you.
You hit the lemure.
Your weapon exudes an aura of protection.
The lemure is lightly wounded.
The lemure hits you but does no damage. The lemure hits you.
You barely miss the lemure.
The lemure is lightly wounded.
The lemure barely misses you.
You hit the lemure.
The lemure is moderately wounded.
The lemure hits you but does no damage.
You hit the lemure.
The lemure is heavily wounded.
The lemure hits you but does no damage. x2
You barely miss the lemure.
The lemure is heavily wounded.
The lemure closely misses you.
You barely miss the lemure.
The lemure is heavily wounded.
The lemure closely misses you. x2
You completely miss the lemure.
The lemure is heavily wounded.
The lemure hits you.
* * * LOW HITPOINT WARNING * * *
You closely miss the lemure.
The lemure is heavily wounded.
The lemure hits you.
* * * LOW HITPOINT WARNING * * *
The lemure hits you.
You die...

# #...# ##.....#.# #
###(# ##...##.# # #.#
##.###.# # #.# ### #.#
# #.# #.# ##### #.# #.#
....# #.# #.# ....#
#.###########.#
....#####.......@5....#
...........############
...........#
############ #


You could see a lemure.

Vanquished Creatures
  2 adders
  A worm (D:1)
  3 dart slugs
  3 orcs
  5 bats
  6 endoplasms
  2 giant cockroaches
  6 goblins
  3 hobgoblins (D:1)
  A quokka (D:3)
  4 ball pythons
  A frilled lizard (D:2)
  2 kobolds (D:1)
  A rat (D:1)
40 creatures vanquished.

Vanquished Creatures (collateral kills)
  A rat (D:1)
1 creature vanquished.

Grand Total: 41 creatures vanquished

Notes
Turn   | Place    | Note
-------+----------+-------------------------------------------
     0 | D:1      | mathmaestro the Demonspawn Necromancer began the quest for
                  | the Orb.
     0 | D:1      | Reached XP level 1. HP: 13/13 MP: 3/3
   613 | D:1      | Gained mutation: You have sharp fingernails. [demonic
                  | ancestry]
   613 | D:1      | Reached XP level 2. HP: 20/20 MP: 0/5
   708 | D:1      | Found a faded altar of an unknown god.
   763 | D:1      | Found Omyad's Antique Armour Emporium.
  1093 | D:1      | Reached skill level 1 in Fighting
  1514 | D:2      | Identified the +1 helmet of the Dragon {rC++ Str+3 Dex-4}
  1872 | D:2      | Gained mutation: You have very sharp fingernails. [demonic
                  | ancestry]
  1872 | D:2      | Reached XP level 3. HP: 26/26 MP: 2/6
  2712 | D:2      | Learned a level 3 spell: Vampiric Draining
  3138 | D:1      | Bought a buckler for 94 gold pieces
  3163 | D:3      | Noticed a fire elemental
  3164 | D:3      | Found a stormy altar of Qazlal.
  3166 | D:3      | Noticed an earth elemental
  3166 | D:3      | Noticed an air elemental
  3166 | D:3      | Noticed a water elemental
  3217 | D:3      | Found a hazy altar of Hepliaklqana.
  3758 | D:3      | Reached skill level 1 in Armour
  3758 | D:3      | Reached XP level 4. HP: 24/32 MP: 5/7
  3767 | D:3      | Learned a level 4 spell: Animate Dead
  4195 | D:4      | Noticed a lemure
  4196 | D:4      | Noticed a lemure
  4198 | D:4      | Noticed a lemure
  4319 | D:3      | Slain by a lemure

Illustrated notes

Levels and vault maps discovered:
D:1:      onia_arrival_pyramid, layout_loops_corners,
          dreamdust_ecumenical_altar_hidden_monk_grotto, serial_shops, shop,
          nrook_mini_backslash
D:2:      layout_basic, patterned_corridor
D:3:      layout_loops_ring, nicolae_qazlal_style_of_elements,
          mainiacjoe_overflow_chevrons, kennysheep_small_spiral,
          eino_tiny_chamber
D:4:      layout_rooms, xom_confusion_cloud, kennysheep_flooded_box, uniq_pikel,
          uniq_crazy_yiuf_cottage

Skill      XL: |  1  2  3 |
---------------+----------+-----
Stealth        | 2 |  2.0
Dodging        | 2 |  2.0
Fighting       | 1 |  1.5
Armour         | 1 |  1.0
Shields        | |  0.3
Spellcasting   | |  2.5
Necromancy     | |  4.9
Evocations     | |  0.3

Action                   |  1- 3 |  4- 6 || total
-------------------------+-------+-------++-------
Melee: Whip              |     3 |       ||     3
       Unarmed           |     1 |       ||     1
       Dagger            |    77 |     5 ||    82
       Punch             |     1 |       ||     1
       Flail             |       |     9 ||     9
 Cast: Necrotise         |    81 |     7 ||    88
Evoke: Wand              |       |     4 ||     4
 Stab: Sleeping          |     2 |       ||     2
       Distracted        |       |     1 ||     1
Armor: Leather armour    |    28 |     6 ||    34
Dodge: Dodged            |    51 |    19 ||    70
Block: Buckler           |     4 |     2 ||     6

Table legend: (Time is in decaauts)
 A = Elapsed time spent in this place.
 B = Non-inter-level travel time spent in this place.
 C = Inter-level travel time spent in this place.
 D = Time resting spent in this place.
 E = Time spent auto-exploring this place.
 F = Levels seen in this place.
 G = Mean time per level.
                   A        B        C        D        E       F      G
               +--------+--------+--------+--------+--------+-----+--------+
         Total |   4326 |   4172 |    154 |   1027 |   2484 |   4 | 1081.5 |
       Dungeon |   4326 |   4172 |    154 |   1027 |   2484 |   4 | 1081.5 |
               +--------+--------+--------+--------+--------+-----+--------+

Top non-repeatable levels by time:
     D:1: 2010 daAuts
     D:3: 1153 daAuts
     D:2: 1148 daAuts
     D:4: 14 daAuts
